 Dungeon Crawl Stone Soup version 0.23.2-1-ga50397a (webtiles) character file.

Game seed: 1540719631732837545

5132 schauveau the Cleaver (level 10, -2/93 HPs)
             Began as a Minotaur Monk on Apr 26, 2019.
             Was a Priest of Okawaru.
             Slain by a two-headed ogre
             ... wielding a +0 giant club
              (3 damage)
             ... on level 8 of the Dungeon.
             The game lasted 00:16:46 (8694 turns).

schauveau the Cleaver (Minotaur Monk)               Turns: 8694, Time: 00:16:47

Health: -2/93      AC: 15    Str: 20    XL:     10   Next: 33%
Magic:  9/9        EV:  8    Int:  9    God:    Okawaru [***...]
Gold:   312        SH:  0    Dex: 12    Spells: 9/9 levels left

rFire    . . .     SeeInvis .   a - +0 war axe of Currency {chop, rElec Int+2} (curse)
rCold    . . .     Gourm    .   (no shield)
rNeg     . . .     Faith    .   i - +0 plate armour
rPois    .         Spirit   .   (helmet restricted)
rElec    +         Reflect  .   g - +0 cloak
rCorr    .         Harm     .   (no gloves)
MR       +....                  (no boots)
Stlth    ..........             (no amulet)
HPRegen  0.25/turn              l - ring of protection from magic
MPRegen  0.11/turn              s - ring of wizardry

@: no status effects
A: retaliatory headbutt, horns 2
a: Heroism, Renounce Religion


You were on level 8 of the Dungeon.
You worshipped Okawaru.
Okawaru was most pleased with you.
You were not hungry.

You visited 2 branches of the dungeon, and saw 10 of its levels.

You collected 586 gold pieces.
You spent 274 gold pieces at shops.

Inventory:

Hand Weapons
 a - the cursed +0 war axe of Currency (weapon) {chop, rElec Int+2}
   (You bought it in a shop on level 7 of the Dungeon)

   It inflicts extra damage upon your enemies.
   It affects your intelligence (+2).
   It insulates you from electricity.
   It has a curse placed upon it.
 v - a +0 hand axe
 C - a +0 flail of protection
 E - a +1 war axe
 I - a +1 scimitar of flaming
Missiles
 n - 4 curare-tipped needles
 o - 5 tomahawks of returning (quivered)
 A - 12 javelins
Armour
 g - a +0 cloak (worn)
 i - a +0 plate armour (worn)
Jewellery
 e - an uncursed ring of protection from cold
 h - an uncursed ring of teleportation
 l - a ring of protection from magic (left hand)
 s - a ring of wizardry (right hand)
 y - an uncursed ring of resist corrosion
Wands
 p - a wand of polymorph (7)
 t - a wand of flame (10)
 D - a wand of digging (5)
Scrolls
 f - 4 scrolls of remove curse
 j - 3 scrolls of immolation
 q - 4 scrolls of teleportation
 r - 2 scrolls of fog
 u - a scroll of enchant weapon
 B - a scroll of fear
 F - a scroll of identify
Potions
 d - a potion of lignification
 k - 2 potions of haste
 m - a potion of magic
 w - 3 potions of brilliance
 x - a potion of ambrosia
 z - a potion of might
 G - 2 potions of curing {unknown}
 H - a potion of resistance {unknown}
Comestibles
 c - 10 rations


   Skills:
 + Level 9.9 Fighting
 * Level 13.0 Axes
 + Level 9.0 Armour
 - Level 3.4 Dodging
 - Level 1.6 Stealth


You had 9 spell levels left.
You didn't know any spells.
Your spell library was empty.

Dungeon Overview and Level Annotations

Branches:
Dungeon (9/15)             Temple (1/1) D:4            Lair (0/6) D:8
    Orc: D:9-12

Altars:
Cheibriados
Dithmenos
Elyvilon
Fedhas
Gozag
Hepliaklqana
Kikubaaqudgha
Makhleb
Nemelex Xobeh
Okawaru
Qazlal
Ru
Sif Muna
Trog
Uskayaw
Vehumet
Wu Jian
Xom
Yredelemnul
Zin
The Shining One

Shops:
D:7 *}*?


Innate Abilities, Weirdness & Mutations

You reflexively headbutt those who attack you in melee.
You have a pair of horns on your head.


Message History

The two-headed ogre is moderately wounded.
The two-headed ogre hits you with a +0 giant club!
* * * LOW HITPOINT WARNING * * *
The two-headed ogre hits you with a +0 giant club.
* * * LOW HITPOINT WARNING * * *
You slash the two-headed ogre!
You headbutt the two-headed ogre, but do no damage.
The two-headed ogre is heavily wounded.
Things that are here:
a killer bee corpse x2
You see here a killer bee corpse.
You feel much better.
The two-headed ogre hits you with a +0 giant club!!
* * * LOW HITPOINT WARNING * * *
The two-headed ogre barely misses you.
You hear an angry buzzing noise.
You hit the two-headed ogre but do no damage.
The two-headed ogre is heavily wounded.
The two-headed ogre hits you with a +0 giant club.
You die...

### ### ### ## #
###8###8###.###8###8#.
#...................[.
#.................y...
#.############.######
#...........O@.#
#######.###########
........# #########


You could see a two-headed ogre.

Vanquished Creatures
  Erica (D:8)
  Grinder (D:6)
  A wyvern (D:8)
  4 hogs (D:7)
  A human (D:7)
  Eustachio (D:6)
  A hungry ghost (D:8)
  Menkaure (D:6)
  Duvessa (D:6)
  2 orc warriors
  An ice beast (D:6)
  A black bear (D:6)
  A necrophage (D:5)
  2 centaurs
  4 ogres
  Blork the orc (D:5)
  3 bullfrogs
  Dowan (D:6)
  A scorpion (D:6)
  11 killer bees
  2 howler monkeys
  A bullfrog zombie (D:7)
  4 crimson imps
  2 quasits
  2 jellies
  4 orc priests (D:6)
  A hound (D:8)
  5 orc wizards
  An iguana (D:6)
  5 worker ants
  Ijyb (D:5)
  A killer bee zombie (D:5)
  4 gnolls (D:5)
  2 howler monkey zombies
  13 adders
  2 shadow imps (D:5)
  An ooze (D:5)
  4 worms
  A dart slug (D:1)
  5 leopard geckos
  21 orcs
  10 bats
  5 giant cockroaches
  9 goblins
  7 hobgoblins
  11 jackals
  6 kobolds
  2 quokkas
  3 ball pythons
  6 frilled lizards
  A leopard gecko zombie (D:8)
  A quokka zombie (D:5)
  5 rats
188 creatures vanquished.

Notes
Turn   | Place    | Note
-------+----------+-------------------------------------------
     0 | D:1      | schauveau the Minotaur Monk began the quest for the Orb.
     0 | D:1      | Reached XP level 1. HP: 19/19 MP: 0/0
   459 | D:2      | Reached XP level 2. HP: 26/27 MP: 1/1
   466 | D:1      | Reached skill level 4 in Axes
   582 | D:3      | Found a bloodstained altar of Trog.
   689 | D:3      | Reached XP level 3. HP: 33/33 MP: 2/2
   790 | D:3      | Found an ancient bone altar of Kikubaaqudgha.
   817 | D:3      | Reached skill level 1 in Armour
  1048 | D:3      | Reached XP level 4. HP: 40/41 MP: 3/3
  1109 | D:3      | Reached skill level 5 in Axes
  1357 | D:5      | Entered Level 5 of the Dungeon
  1357 | D:5      | Noticed an ogre
  1488 | D:4      | Reached XP level 5. HP: 37/47 MP: 4/4
  1544 | D:4      | Found a staircase to the Ecumenical Temple.
  1551 | Temple   | Entered the Ecumenical Temple
  2480 | D:2      | Reached skill level 5 in Fighting
  2490 | D:2      | Reached skill level 6 in Axes
  2965 | D:3      | Found a blossoming altar of Fedhas.
  2965 | D:3      | Found a shimmering altar of Xom.
  3491 | D:5      | Found a burning altar of Makhleb.
  3530 | D:5      | Reached XP level 6. HP: 52/56 MP: 5/5
  3695 | D:5      | Reached skill level 7 in Axes
  3731 | D:5      | Reached XP level 7. HP: 49/62 MP: 6/6
  3792 | D:5      | Noticed Ijyb
  3800 | D:5      | Killed Ijyb
  3850 | D:5      | Found a deep blue altar of Sif Muna.
  4012 | D:5      | Reached skill level 8 in Axes
  4029 | D:5      | Noticed Blork the orc
  4478 | D:6      | Noticed Eustachio
  4494 | D:6      | Killed Eustachio
  4494 | D:6      | Reached skill level 5 in Armour
  4494 | D:6      | Reached XP level 8. HP: 70/71 MP: 7/7
  4526 | D:6      | Noticed Grinder
  4544 | D:6      | Killed Grinder
  4544 | D:6      | Reached skill level 9 in Axes
  4658 | D:6      | Noticed Menkaure
  4664 | D:6      | Killed Menkaure
  4690 | D:6      | Reached skill level 10 in Axes
  4845 | D:6      | Noticed Duvessa
  4846 | D:6      | Noticed Dowan
  4855 | D:6      | Killed Duvessa
  4856 | D:6      | Killed Dowan
  4856 | D:6      | Reached XP level 9. HP: 80/81 MP: 8/8
  4864 | D:6      | Found a white marble altar of Elyvilon.
  5016 | D:6      | HP: 4/81 [orc warrior/+0 flail of protection (15)]
  5915 | D:7      | Found Bexaxtag's Gadget Emporium.
  6052 | D:7      | Reached skill level 11 in Axes
  6060 | D:7      | Found Caepesit's Assorted Antiques.
  6071 | D:7      | Bought an ancient war axe for 195 gold pieces
  6071 | D:7      | Identified the cursed +0 war axe of Currency {chop, rElec
                  | Int+2} (You bought it in a shop on level 7 of the Dungeon)
  6112 | D:7      | Found a snail-covered altar of Cheibriados.
  6117 | D:7      | Found a glowing silver altar of Zin.
  6156 | D:7      | Found Sigi's Magic Scroll Boutique.
  6161 | D:7      | Bought a scroll of identify for 28 gold pieces
  6161 | D:7      | Bought a scroll of identify for 28 gold pieces
  6233 | D:7      | Found a shadowy altar of Dithmenos.
  6310 | D:7      | Found Zuen's General Store.
  6396 | D:7      | Found an iron altar of Okawaru.
  6404 | D:7      | Became a worshipper of Warmaster Okawaru
  6404 | D:7      | Reached * piety under Okawaru
  6404 | D:7      | Reached ** piety under Okawaru
  7138 | D:7      | Reached skill level 12 in Axes
  7473 | D:5      | Killed Blork the orc
  7473 | D:5      | Reached *** piety under Okawaru
  7519 | D:5      | Found a sparkling altar of Nemelex Xobeh.
  7837 | D:8      | Found a staircase to the Lair.
  7855 | D:8      | Reached XP level 10. HP: 88/91 MP: 9/9
  8060 | D:7      | Bought a scroll labeled EVOOLEC VEIB for 23 gold pieces
  8391 | D:8      | Noticed Erica
  8402 | D:8      | Killed Erica
  8629 | D:8      | Reached skill level 13 in Axes
  8645 | D:8      | Noticed a two-headed ogre
  8693 | D:8      | HP: 1/93 [two-headed ogre/+0 giant club (29)]
  8694 | D:8      | Slain by a two-headed ogre

Skill      XL: |  1  2  3  4  5  6  7  8  9 10 |
---------------+-------------------------------+-----
Axes           | 4 5 6 7 8 10 12 13 | 13.0
Fighting       | 4 5 6 7 9 |  9.9
Armour         | 1 2 3 5 6 8 9 |  9.0
Dodging        | |  3.4
Stealth        | |  1.6

Action                   |  1- 3 |  4- 6 |  7- 9 | 10-12 || total
-------------------------+-------+-------+-------+-------++-------
Melee: Hand axe          |    92 |   144 |       |       ||   236
       Headbutt          |    13 |    35 |    47 |    18 ||   113
       War axe           |       |    50 |   283 |    73 ||   406
Throw: Tomahawk          |       |       |    10 |       ||    10
  Use: Scroll            |       |    13 |     4 |     1 ||    18
       Potion            |       |       |     5 |     1 ||     6
 Stab: Sleeping          |     1 |       |       |       ||     1
  Eat: Chunk             |     1 |     3 |     1 |       ||     5
       Ration            |       |     2 |     3 |     3 ||     8
Armor: Robe              |     1 |       |       |       ||     1
       Plate armour      |    61 |   125 |   201 |    67 ||   454
Dodge: Dodged            |    51 |    68 |   102 |    43 ||   264
